MID
FORT WAYNE TINCAPS @ GREAT LAKES LOONS
04/09/2048
 
TOP OF THE 1ST
Fort Wayne TinCaps batting - Pitching for Great Lakes Loons : LHP Terry LaPlante
Pitching: LHP Terry LaPlante
Batting: SHB Detlef Oursler 0-0: Swinging Strike
0-1: SINGLE (Line Drive, 4MD, EV 95.0 MPH)
Batting: LHB Tony Contreras 0-0: Ball
1-0: Called Strike
1-1: SINGLE (Groundball, 4MD, EV 109.4 MPH)
Detlef Oursler to second
Runner from 2nd tries for 3rd, SAFE, throw by CF made to third
Batting: LHB Justin Alworth 0-0: Swinging Strike
0-1: Swinging Strike
0-2: Strikes out looking
Batting: RHB Dave Cordero 0-0: Ball
1-0: Fielders Choice at 2nd, U4 (Groundball, 6M, EV 88.1 MPH)
Detlef Oursler scores
Batting: RHB Danny Gallegos 0-0: Ball
1-0: Fielders Choice at 2nd, 6-4 (Groundball, 56, EV 85.0 MPH)
Top of the 1st over - 1 run, 2 hits, 0 errors, 1 left on base; Fort Wayne 1 - Great Lakes 0
BOTTOM OF THE 1ST
Great Lakes Loons batting - Pitching for Fort Wayne TinCaps : LHP Juan Perez
Pitching: LHP Juan Perez
Batting: RHB Ruben Serrata 0-0: Ground out 5-3 (Groundball, 56S, EV 68.1 MPH)
Batting: LHB Tore Bosch 0-0: Called Strike
0-1: Called Strike
0-2: Foul Ball, location: 2F
0-2: Strikes out swinging
Batting: LHB Jesus Ramirez 0-0: Ball
1-0: Called Strike
1-1: Ball
2-1: SOLO HOME RUN (Flyball, 89XD, EV 98.8 MPH), Distance : 384 ft
Batting: RHB Steve Clark 0-0: Called Strike
0-1: Ball
1-1: Called Strike
1-2: DOUBLE (Flyball, 89XD, EV 100.0 MPH)
Batting: SHB Xavier Alaniz 0-0: Ball
1-0: Ball
2-0: Ball
3-0: Called Strike
3-1: Ground out 4-3 (Groundball, 4S, EV 61.9 MPH)
Bottom of the 1st over - 1 run, 2 hits, 0 errors, 1 left on base; Fort Wayne 1 - Great Lakes 1
TOP OF THE 2ND
Fort Wayne TinCaps batting - Pitching for Great Lakes Loons : LHP Terry LaPlante
Batting: LHB Javy Portela 0-0: Ball
1-0: Ball
2-0: Swinging Strike
2-1: Foul Ball, location: 2F
2-2: Ball
3-2: Foul Ball, location: 2F
3-2: Foul Ball, location: 2F
3-2: DOUBLE (Groundball, 3L, EV 95.0 MPH)
Batting: LHB Ryan Anderson 0-0: Called Strike
0-1: Ball
1-1: Ball
2-1: Ball
3-1: Base on Balls
Batting: RHB Marcus Dawson 0-0: Foul Ball, location: 2F
0-1: Foul Ball, location: 2F
0-2: Ball
1-2: Ball
2-2: Ball
3-2: Foul Ball, location: 2F
3-2: Foul Ball, location: 2F
3-2: DOUBLE (Line Drive, 89D, EV 107.5 MPH)
Javy Portela scores
Ryan Anderson to third
Batting: RHB Ricky Trejo 0-0: Ball
1-0: Called Strike
1-1: Ball
2-1: Ball
3-1: SINGLE (Line Drive, 89S, EV 105.6 MPH)
Ryan Anderson scores
Marcus Dawson to third
Batting: SHB Detlef Oursler 0-0: Ball
1-0: Foul Ball, location: 2F
1-1: SINGLE (Flyball, 8RS, EV 99.4 MPH)
Marcus Dawson scores
Ricky Trejo to second
Runner from 2nd tries for 3rd, OUT! 8-5
Batting: LHB Tony Contreras 0-0: Ball
1-0: Ball
Detlef Oursler is caught stealing 2nd base 2-6
2-0: Called Strike
2-1: Foul Ball, location: 2F
2-2: Foul Ball, location: 2F
2-2: Foul Ball, location: 2F
2-2: Foul Ball, location: 2F
2-2: SINGLE (Groundball, 4M, EV 93.8 MPH)
Batting: LHB Justin Alworth 0-0: Ball
1-0: Called Strike
1-1: Ball
2-1: Ball
Wild Pitch!
Tony Contreras to second
3-1: Foul Ball, location: 2F
3-2: Strikes out swinging
Top of the 2nd over - 3 runs, 5 hits, 0 errors, 1 left on base; Fort Wayne 4 - Great Lakes 1
BOTTOM OF THE 2ND
Great Lakes Loons batting - Pitching for Fort Wayne TinCaps : LHP Juan Perez
Batting: RHB Javier Solis 0-0: Ball
1-0: Ball
2-0: Ball
3-0: Called Strike
3-1: SINGLE (Line Drive, 8RS, EV 92.5 MPH)
Batting: LHB Nate Kee 0-0: Called Strike
0-1: Ball
1-1: Ball
2-1: Called Strike
2-2: Foul Ball, location: 2F
2-2: Ball
3-2: Base on Balls
Javier Solis to second
Batting: RHB Jason Baldwin 0-0: Called Strike
0-1: Foul Ball, location: 2F
0-2: Foul Ball, location: 2F
0-2: Foul Ball, location: 2F
0-2: Ball
1-2: Ball
2-2: Strikes out swinging
Batting: RHB Trevor Conklin 0-0: Called Strike
0-1: Called Strike
0-2: Ball
1-2: Foul Ball, location: 2F
1-2: Ball
2-2: Grounds into double play, 4-6-3 (Groundball, 4, EV 108.1 MPH)
Bottom of the 2nd over - 0 runs, 1 hit, 0 errors, 1 left on base; Fort Wayne 4 - Great Lakes 1
TOP OF THE 3RD
Fort Wayne TinCaps batting - Pitching for Great Lakes Loons : LHP Terry LaPlante
Batting: RHB Dave Cordero 0-0: Called Strike
0-1: Ball
1-1: Ball
2-1: DOUBLE (Groundball, 5L, EV 101.9 MPH)
Batting: RHB Danny Gallegos 0-0: Called Strike
0-1: Foul Ball, location: 2F
0-2: Ball
1-2: Foul Ball, location: 2F
1-2: Ball
Wild Pitch!
Dave Cordero to third
2-2: Strikes out swinging
Batting: LHB Javy Portela 0-0: Foul Ball, location: 2F
0-1: Foul Ball, location: 2F
0-2: Strikes out swinging
Batting: LHB Ryan Anderson 0-0: Ball
1-0: Ball
2-0: Foul Ball, location: 2F
2-1: Fly out, F7 (Flyball, 7D, EV 96.2 MPH)
Top of the 3rd over - 0 runs, 1 hit, 0 errors, 1 left on base; Fort Wayne 4 - Great Lakes 1
BOTTOM OF THE 3RD
Great Lakes Loons batting - Pitching for Fort Wayne TinCaps : LHP Juan Perez
Batting: RHB Ruben Serrata 0-0: Swinging Strike
0-1: Foul Ball, location: 2F
0-2: Ball
1-2: Strikes out looking
Batting: LHB Tore Bosch 0-0: Ball
1-0: Called Strike
1-1: Ball
2-1: Ground out 5-3 (Groundball, 5S, EV 83.1 MPH)
Batting: LHB Jesus Ramirez 0-0: Called Strike
0-1: Ball
1-1: Called Strike
1-2: Ground out 6-3 (Groundball, 6S, EV 66.9 MPH)
Bottom of the 3rd over - 0 runs, 0 hits, 0 errors, 0 left on base; Fort Wayne 4 - Great Lakes 1
TOP OF THE 4TH
Fort Wayne TinCaps batting - Pitching for Great Lakes Loons : LHP Terry LaPlante
Batting: RHB Marcus Dawson 0-0: Ball
1-0: Called Strike
1-1: Foul Ball, location: 2F
1-2: Ball
2-2: Strikes out swinging
Batting: RHB Ricky Trejo 0-0: Ground out 4-3 (Groundball, 4, EV 107.5 MPH)
Batting: SHB Detlef Oursler 0-0: Ball
1-0: Ball
2-0: Ball
3-0: Called Strike
3-1: Called Strike
3-2: Foul Ball, location: 2F
3-2: Strikes out swinging
Top of the 4th over - 0 runs, 0 hits, 0 errors, 0 left on base; Fort Wayne 4 - Great Lakes 1
BOTTOM OF THE 4TH
Great Lakes Loons batting - Pitching for Fort Wayne TinCaps : LHP Juan Perez
Batting: RHB Steve Clark 0-0: Called Strike
0-1: Foul Ball, location: 2F
0-2: Ball
1-2: Strikes out swinging
Batting: SHB Xavier Alaniz 0-0: Called Strike
0-1: Ball
1-1: Called Strike
1-2: Ball
2-2: Ball
3-2: Foul Ball, location: 2F
3-2: Ground out 5-3 (Groundball, 56, EV 98.1 MPH)
Batting: RHB Javier Solis 0-0: Called Strike
0-1: Ball
1-1: Fly out, F8 (Flyball, 78S, EV 91.9 MPH)
Bottom of the 4th over - 0 runs, 0 hits, 0 errors, 0 left on base; Fort Wayne 4 - Great Lakes 1
TOP OF THE 5TH
Fort Wayne TinCaps batting - Pitching for Great Lakes Loons : LHP Terry LaPlante
Batting: LHB Tony Contreras 0-0: Foul Ball, location: 2F
0-1: Foul Ball, location: 2F
0-2: Foul Ball, location: 2F
0-2: Ball
1-2: Ball
2-2: Strikes out swinging
Batting: LHB Justin Alworth 0-0: Ball
1-0: Ball
2-0: Called Strike
2-1: Ground out 6-3 (Groundball, 6, EV 84.4 MPH)
Batting: RHB Dave Cordero 0-0: Called Strike
0-1: Ground out 4-3 (Groundball, 4M, EV 106.9 MPH)
Top of the 5th over - 0 runs, 0 hits, 0 errors, 0 left on base; Fort Wayne 4 - Great Lakes 1
BOTTOM OF THE 5TH
Great Lakes Loons batting - Pitching for Fort Wayne TinCaps : LHP Juan Perez
Batting: LHB Nate Kee 0-0: Ball
1-0: Ball
2-0: Swinging Strike
2-1: Foul Ball, location: 2F
2-2: Foul Ball, location: 2F
2-2: Ball
3-2: Base on Balls
Batting: RHB Jason Baldwin 0-0: Ball
1-0: Ball
2-0: Swinging Strike
2-1: Grounds into double play, 4-6-3 (Groundball, 4, EV 103.8 MPH)
Batting: RHB Trevor Conklin 0-0: Ball
1-0: Swinging Strike
1-1: Ball
2-1: Foul Ball, location: 2F
2-2: Strikes out swinging, 2-3 out at first.
Bottom of the 5th over - 0 runs, 0 hits, 0 errors, 0 left on base; Fort Wayne 4 - Great Lakes 1
TOP OF THE 6TH
Fort Wayne TinCaps batting - Pitching for Great Lakes Loons : LHP Terry LaPlante
Batting: RHB Danny Gallegos 0-0: Ball
1-0: Ball
2-0: Ground out U3 (Groundball, 23, EV 88.1 MPH)
Batting: LHB Javy Portela 0-0: Ball
1-0: Fly out, F8 (Flyball, 89S, EV 87.5 MPH)
Batting: LHB Ryan Anderson 0-0: Ball
1-0: Swinging Strike
1-1: Foul Ball, location: 2F
1-2: Ground out 4-3 (Groundball, 4S, EV 65.6 MPH)
Top of the 6th over - 0 runs, 0 hits, 0 errors, 0 left on base; Fort Wayne 4 - Great Lakes 1
BOTTOM OF THE 6TH
Great Lakes Loons batting - Pitching for Fort Wayne TinCaps : LHP Juan Perez
Batting: RHB Ruben Serrata 0-0: Fly out, F4 (Popup, 34, EV 60.6 MPH)
Batting: LHB Tore Bosch 0-0: Fly out, F7 (Flyball, 7S, EV 85.0 MPH)
Batting: LHB Jesus Ramirez 0-0: Foul Ball, location: 2F
0-1: Ball
1-1: Ground out 3-1 (Groundball, 34, EV 104.4 MPH)
Bottom of the 6th over - 0 runs, 0 hits, 0 errors, 0 left on base; Fort Wayne 4 - Great Lakes 1
TOP OF THE 7TH
Fort Wayne TinCaps batting - Pitching for Great Lakes Loons : LHP Terry LaPlante
Pitching: LHP Ben Moore
Batting: RHB Marcus Dawson 0-0: Called Strike
0-1: Called Strike
0-2: Ball
1-2: Ball
2-2: Strikes out swinging
Batting: RHB Ricky Trejo 0-0: Foul Ball, location: 2F
0-1: Ball
1-1: Ball
2-1: Ball
3-1: Fly out, F8 (Line Drive, 8LD, EV 94.4 MPH)
Batting: SHB Detlef Oursler 0-0: Ball
1-0: Called Strike
1-1: Ball
2-1: SINGLE (Groundball, 4, EV 98.1 MPH)
Batting: LHB Tony Contreras 0-0: Called Strike
Detlef Oursler steals 2nd base
0-1: Foul Ball, location: 2F
0-2: Ball
1-2: Fly out, F7 (Flyball, 7LS, EV 90.6 MPH)
Top of the 7th over - 0 runs, 1 hit, 0 errors, 1 left on base; Fort Wayne 4 - Great Lakes 1
BOTTOM OF THE 7TH
Great Lakes Loons batting - Pitching for Fort Wayne TinCaps : LHP Juan Perez
Batting: RHB Steve Clark 0-0: Called Strike
0-1: Ball
1-1: Foul Ball, location: 2F
1-2: Ground out 4-3 (Groundball, 4, EV 96.9 MPH)
Batting: SHB Xavier Alaniz 0-0: Ball
1-0: Ground out 6-3 (Groundball, 6, EV 87.5 MPH)
Batting: RHB Javier Solis 0-0: Ball
1-0: SINGLE (Line Drive, 6MD, EV 105.6 MPH)
Pitching: RHP Jose Ramos
Batting: LHB Nate Kee 0-0: Called Strike
0-1: Ball
1-1: Foul Ball, location: 2F
1-2: Ball
2-2: Ball
3-2: Foul Ball, location: 2F
3-2: Foul Ball, location: 2F
3-2: Strikes out swinging
Bottom of the 7th over - 0 runs, 1 hit, 0 errors, 1 left on base; Fort Wayne 4 - Great Lakes 1
TOP OF THE 8TH
Fort Wayne TinCaps batting - Pitching for Great Lakes Loons : LHP Ben Moore
Batting: LHB Justin Alworth 0-0: Ball
1-0: Foul Ball, location: 2F
1-1: Called Strike
1-2: Foul Ball, location: 2F
1-2: Foul Ball, location: 2F
1-2: Strikes out swinging
Batting: RHB Dave Cordero 0-0: Called Strike
0-1: Ball
1-1: Called Strike
1-2: Ball
2-2: DOUBLE (Line Drive, 7LS, EV 104.4 MPH)
Batting: RHB Danny Gallegos 0-0: Called Strike
0-1: Foul Ball, location: 2F
0-2: Ground out 4-3 (Groundball, 4, EV 84.4 MPH)
Dave Cordero to third
Batting: LHB Javy Portela 0-0: Intentional Walk
Batting: LHB Ryan Anderson 0-0: Ball
1-0: Ball
2-0: Foul Ball, location: 2F
2-1: Ball
3-1: Fly out, F7 (Line Drive, 7, EV 104.4 MPH)
Top of the 8th over - 0 runs, 1 hit, 0 errors, 2 left on base; Fort Wayne 4 - Great Lakes 1
BOTTOM OF THE 8TH
Great Lakes Loons batting - Pitching for Fort Wayne TinCaps : RHP Jose Ramos
Batting: RHB Jason Baldwin 0-0: Called Strike
0-1: Called Strike
0-2: Ball
1-2: Ball
2-2: Ground out 4-3 (Groundball, 4S, EV 66.2 MPH)
Batting: RHB Trevor Conklin 0-0: Ground out 6-3 (Groundball, 6, EV 106.9 MPH)
Batting: RHB Ruben Serrata 0-0: Called Strike
0-1: Ground out 2-3 (Groundball, 15S, EV 66.2 MPH)
Bottom of the 8th over - 0 runs, 0 hits, 0 errors, 0 left on base; Fort Wayne 4 - Great Lakes 1
TOP OF THE 9TH
Fort Wayne TinCaps batting - Pitching for Great Lakes Loons : LHP Ben Moore
Pitching: RHP Gabe Pomales
Batting: RHB Marcus Dawson 0-0: Ball
1-0: Ball
2-0: Called Strike
2-1: Ball
3-1: Swinging Strike
3-2: Foul Ball, location: 2F
3-2: Foul Ball, location: 2F
3-2: DOUBLE (Line Drive, 7LD, EV 102.5 MPH)
Pinch Runner at 2nd Brian Klinkner:
Batting: RHB Ricky Trejo 0-0: Ball
1-0: Foul Ball, location: 2F
1-1: Swinging Strike
1-2: Foul Ball, location: 2F
1-2: Ball
2-2: Foul Ball, location: 2F
2-2: Strikes out swinging
Batting: SHB Detlef Oursler 0-0: Swinging Strike
0-1: Ball
1-1: Swinging Strike
1-2: Strikes out swinging
Batting: LHB Tony Contreras 0-0: SINGLE (Line Drive, 9S, EV 86.9 MPH)
Brian Klinkner to third
Batting: LHB Justin Alworth 0-0: Ball
1-0: Swinging Strike
1-1: Called Strike
1-2: Ball
2-2: Strikes out swinging
Top of the 9th over - 0 runs, 2 hits, 0 errors, 2 left on base; Fort Wayne 4 - Great Lakes 1
BOTTOM OF THE 9TH
Great Lakes Loons batting - Pitching for Fort Wayne TinCaps : RHP Jose Ramos
Pitching: LHP Ismael Diaz
Now at 1B: Dustin Hartman
Batting: LHB Tore Bosch 0-0: Ground out U3 (Groundball, 3, EV 89.4 MPH)
Batting: LHB Jesus Ramirez 0-0: Ball
1-0: Swinging Strike
1-1: Ball
2-1: Foul Ball, location: 2F
2-2: Strikes out swinging
Batting: RHB Steve Clark 0-0: Swinging Strike
0-1: Ball
1-1: Foul Ball, location: 2F
1-2: Strikes out looking
Bottom of the 9th over - 0 runs, 0 hits, 0 errors, 0 left on base; Fort Wayne 4 - Great Lakes 1
Tuesday, March 28th , 2023 - OOTP Baseball 23.10 Build 110